Cogmind - Beta 14 @@@ ROGUE MODE // 2024.09.21 @ 05:54:20 Player: unit-retard04 Result: Self-destructed Performance ------------- Evolutions (2) 1000 Regions Visited (3) 600 Robots Destroyed (25) 125 Value Destroyed (679) 679 Prototype IDs (0) 0 Alien Tech Used (0) 0 Bonus (0) 0 TOTAL SCORE: 2404 Bonus ------- None Cogmind --------- Core Integrity 524/550 Matter 159/350 Energy 250/250 System Corruption 0% Temperature Cool (0) Movement Treading (240) Ox1 Location -8/Materials Parts ------- > --- POWER (1) -------- Ion Engine > --- PROPULSION (4) --- Light Treads Light Treads > --- UTILITY (3) ------ High-capacity Storage Unit Small Matter Pod Reactive Plating > --- WEAPON (3) ------- EM Shotgun Shotgun Mini Grenade Launcher > --- INVENTORY (20) --- Heat Sink EM Shotgun Beam Rifle Beam Rifle Light EM Pulse Cannon Heavy Assault Rifle Peak State ------------ > --- POWER ------------ Ion Engine > --- PROPULSION ------- Light Treads Light Treads Light Treads > --- UTILITY ---------- Heat Sink High-capacity Storage Unit Reactive Plating > --- WEAPON ----------- EM Shotgun Shotgun Mini Grenade Launcher > --- INVENTORY -------- Heat Sink EM Shotgun Beam Rifle Beam Rifle Light EM Pulse Cannon Heavy Assault Rifle [Rating: 16] Favorites ----------- Power Ion Engine Engine Ion Engine Propulsion Light Treads Treads Light Treads Leg Aluminum Leg Wheel Compact Wheel Hover Unit Hover Unit Utility High-capacity Storage Unit Device Sensor Array Storage High-capacity Storage Unit Processor Visual Processing Unit Protection Light Armor Plating Weapon Assault Rifle Energy Gun EM Shotgun Energy Cannon Light EM Pulse Cannon Ballistic Gun Assault Rifle Ballistic Cannon Light Cannon Launcher Mini Grenade Launcher Build | -11 -10 -9 -8 ------- Run | Yrd Mat Mat Mat Slots Evolved 4 | . . 2 2 Power . | . . . . Propulsion 2 | . . 2 . Utility 1 | . . . 1 Weapon 1 | . . . 1 Parts Attached 52 | 7 16 25 4 Power 6 | 1 3 2 . Engine 6 | 1 3 2 . Core . | . . . . Reactor . | . . . . Propulsion 9 | 2 2 5 . Treads 5 | . . 5 . Leg 1 | . 1 . . Wheel 2 | 2 . . . Hover 1 | . 1 . . Flight . | . . . . Utility 11 | 1 4 3 3 Device 2 | . 1 . 1 Storage 5 | 1 2 1 1 Processor 1 | . 1 . . Hackware . | . . . . Protection 3 | . . 2 1 Artifact . | . . . . Weapon 26 | 3 7 15 1 Energy Gun 12 | 1 5 6 . Energy Cannon 1 | . . 1 . Ballistic Gun 9 | 2 . 6 1 Ballistic Cannon 2 | . 2 . . Launcher 2 | . . 2 . Special Weapon . | . . . . Impact Weapon . | . . . . Slashing Weapon . | . . . . Piercing Weapon . | . . . . Special Melee Weapon . | . . . . Unidentified Prototypes . | . . . . Parts Lost 6 | . 1 4 1 Power 1 | . . 1 . Propulsion 2 | . 1 . 1 Utility 1 | . . 1 . Weapon 2 | . . 2 . Highest Loss Streak 2 | . 1 2 1 To Critical Strikes . | . . . . Average Slot Usage (%) 72 | . 58 79 85 Engine 11 | . 12 11 9 Treads 15 | . . 25 22 Leg 4 | . 4 5 . Wheel 3 | . 10 . . Device 1 | . 3 . 5 Storage 8 | . 7 8 12 Processor 1 | . 1 1 . Protection 4 | . . 7 8 Energy Gun 6 | . 5 6 9 Ballistic Gun 11 | . 12 10 9 Launcher 1 | . . 1 9 Peak Build Rating 16 | 6 6 12 16 Average Rating 7 | 4 4 9 15 On Entrance 5 | . 6 5 10 Naked Turns 7 | . 7 . . Heaviest Build 63 | 12 47 55 63 Greatest Support 80 | 26 26 80 60 Greatest Overweight (x) 15 | 3 15 1 1 Average Overweight (x) . | . 1 . . Largest Inventory Capacity 20 | 8 20 20 20 Average Capacity 13 | 7 8 16 20 Most Carried 10 | 3 6 10 7 Average Carried 3 | 1 3 4 6 Final Capacity 20 | 8 5 20 20 Final Carried 8 | 2 2 8 6 Class Distribution -------------------- 54% | Mutant 35% | Scavenger-Mutant 6% | Scavenger-Tank 3% | Tank Dominant Class ---------------- Mutant | -10/Materials Scavenger-Mutant | -9/Materials Scavenger-Tank | -8/Materials Resources | -11 -10 -9 -8 ----------- Run | Yrd Mat Mat Mat Matter Collected 847 | 221 215 411 . Remotely . | . . . . Salvage Created 811 | . 223 514 74 Parts 56 | . 15 38 3 Haulers Intercepted . | . . . . Recyclers Shooed . | . . . . Parts Field Recycled . | . . . . Retrieved Matter . | . . . . Parts Self-Destructed . | . . . . Prevented . | . . . . Kills | -11 -10 -9 -8 ------- Run | Yrd Mat Mat Mat Combat Hostiles Destroyed 21 | . 5 12 4 Guns 12 | . 3 8 1 Cannons 2 | . . 2 . AOE 7 | . 2 2 3 Classes Destroyed 6 | . 2 4 . Worker 3 | . . 2 1 Watcher 1 | . 1 . . Swarmer 6 | . . 3 3 Grunt 9 | . 5 4 . Brawler 1 | . . 1 . Sentry 5 | . . 4 1 Best Kill Streak 4 | . 2 3 4 Combat Bots Only 3 | . 2 3 3 Max Kills in Single Turn 3 | . 2 2 3 Gunslinging . | . . . . Exploded 2 | . 2 2 2 Melee . | . . . . Uniques/NPCs Destroyed . | . . . . Combat | -11 -10 -9 -8 -------- Run | Yrd Mat Mat Mat Hostile Shots Fired 163 | . 34 97 32 Missed 54 | . 5 35 14 Damage Taken 1303 | . 340 828 135 Core 282 | . 151 105 26 Absorbed by Shields . | . . . . Ignored by Resistances 37 | . . . 37 Core Remaining (%) 70 | 100 39 73 . Volleys Fired 80 | . 29 46 5 Largest 3 | . 2 2 3 Hottest 98 | . 40 86 98 Shots Fired 120 | . 37 70 13 Gun 107 | . 35 64 8 Cannon 7 | . 2 5 . Launcher 6 | . . 1 5 Special . | . . . . Kinetic 62 | . 18 39 5 Thermal 24 | . 1 23 . Explosive 6 | . . 1 5 Electromagnetic 28 | . 18 7 3 Robot Hit Streak 13 | . 6 13 2 Robot Miss Streak 5 | . 5 4 4 Penetration Max . | . . . . Secondary Targets . | . . . . Shots Hit Robots 72 | . 21 44 7 Core Hits 37 | . 10 19 8 Critical Kills . | . . . . Critical Parts Destroyed 1 | . 1 . . Critical Strikes 2 | . 1 1 . Burn 1 | . . 1 . Destroy 1 | . 1 . . Melee Attacks . | . . . . Impact . | . . . . Slashing . | . . . . Piercing . | . . . . Sneak Attacks . | . . . . Combat Hostiles . | . . . . Follow-up Attacks . | . . . . Damage Inflicted 1414 | . 393 765 256 Guns 887 | . 288 558 41 Cannons 113 | . 17 96 . Explosions 405 | . 79 111 215 Melee . | . . . . Ramming 9 | . 9 . . Kinetic 576 | . 162 373 41 Thermal 228 | . 89 139 . Explosive 326 | . . 111 215 Electromagnetic 275 | . 133 142 . Impact . | . . . . Slashing . | . . . . Piercing . | . . . . Highest Corruption 2 | . . 2 . Average Corruption 2 | . . 2 . Corruption Purged . | . . . . Corruption Blocked . | . . . . Effects 8 | . . 8 . Message Errors 3 | . . 3 . Matter Fused 4 | . . 4 . Heat Flow Errors 1 | . . 1 . Overload Shots . | . . . . Overflow Damage 13 | . . 10 3 Projectiles . | . . . . Explosions 13 | . . 10 3 Melee . | . . . . Knockbacks . | . . . . Impact . | . . . . Kinetic . | . . . . Secondary . | . . . . Self-Inflicted Damage 31 | . . . 31 Shots 1 | . . . 1 Rammed . | . . . . Targets Rammed 1 | . 1 . . Kicked 1 | . 1 . . Crushed . | . . . . Highest Temperature 288 | . 30 288 33 Average Temperature 49 | . 11 67 9 Received Heat Transfer 390 | . 192 198 . Effects 1 | . . 1 . Interference 1 | . . 1 . Siege Activations . | . . . . Robots Corrupted . | . . . . Combat Hostiles . | . . . . Parts Fried 2 | . 1 1 . Impact Corruptions . | . . . . Robots Melted . | . . . . Combat Hostiles . | . . . . Parts Melted 2 | . 1 1 . Heat Transferred 547 | . 125 422 . Parts Sabotaged . | . . . . Parts Stolen . | . . . . Parts Stripped . | . . . . Power Chain Reactions 1 | . 1 . . Alert | -11 -10 -9 -8 ------- Run | Yrd Mat Mat Mat Peak Influence 272 | . 83 249 272 Initial 104 | . . 33 104 Average 89 | . 41 124 158 Maximum Alert Level 1 | . . 1 1 Low Security (%) 91 | 100 100 87 75 Level 1 8 | . . 12 24 Level 2 . | . . . . Level 3 . | . . . . Level 4 . | . . . . Level 5 . | . . . . High Security . | . . . . Max Security . | . . . . Squads Dispatched 3 | . . 3 . Investigation 2 | . . 2 . Extermination . | . . . . Reinforcement 1 | . . 1 . Assault . | . . . . Garrison . | . . . . Intercept . | . . . . Searches Triggered . | . . . . Construction Impeded . | . . . . Haulers Reinforced . | . . . . Active Scanning Responses . | . . . . Cargo Convoy Interrupts . | . . . . Stealth | -11 -10 -9 -8 --------- Run | Yrd Mat Mat Mat Distress Signals 3 | . 1 2 . Communications Jammed . | . . . . Distress Signals . | . . . . Times Spotted 30 | . 9 16 5 Peak Tracking Total 3 | . 3 3 3 Tactical Retreats 1 | . . 1 . Traps | -11 -10 -9 -8 ------- Run | Yrd Mat Mat Mat Traps Triggered 3 | . 2 1 . Indirectly . | . . . . Trap Hack Attempts . | . . . . Triggered . | . . . . Disarmed . | . . . . Reprogrammed . | . . . . Reused . | . . . . Traps Extracted . | . . . . Installed . | . . . . Triggered . | . . . . Machines | -11 -10 -9 -8 ---------- Run | Yrd Mat Mat Mat Machines Disabled 2 | . . . 2 Max in Single Turn 1 | . . . 1 Machines Repaired . | . . . . Machines Dismantled . | . . . . Machines Sabotaged . | . . . . Overloaded Fab Kills . | . . . . Hacking | -11 -10 -9 -8 --------- Run | Yrd Mat Mat Mat Machines Accessed 6 | . 3 3 . Terminals 3 | . 3 . . Fabricators . | . . . . Repair Stations 1 | . . 1 . Recycling Units 1 | . . 1 . Scanalyzers 1 | . . 1 . Garrison Access . | . . . . Total Hacks 14 | . 7 7 . Successful 12 | . 5 7 . Failed 2 | . 2 . . Catastrophic . | . . . . Database Lockouts . | . . . . Manual 2 | . 1 1 . Terminals 7 | . 7 . . Fabricators . | . . . . Repair Stations 1 | . . 1 . Recycling Units 4 | . . 4 . Scanalyzers 2 | . . 2 . Garrison Access . | . . . . Terminal Hacks 5 | . 5 . . Record 4 | . 4 . . Dispatch Records 1 | . 1 . . Fabricator Hacks . | . . . . Repair Station Hacks 1 | . . 1 . Refit 1 | . . 1 . Recycling Unit Hacks 4 | . . 4 . Recycle Component 4 | . . 4 . Scanalyzer 2 | . . 2 . Insert Component 1 | . . 1 . Analyze 1 | . . 1 . Garrison Access Hacks . | . . . . Unauthorized Hacks . | . . . . Terminals . | . . . . Fabricators . | . . . . Repair Stations . | . . . . Recycling Units . | . . . . Scanalyzers . | . . . . Garrison Access . | . . . . Data Cores Recovered . | . . . . Used . | . . . . Hacking Detections 2 | . 1 1 . Full Trace Events 1 | . . 1 . Feedback Events . | . . . . Feedback Blocked . | . . . . Robot Schematics Acquired . | . . . . Robots Built . | . . . . Authchips . | . . . . Time . | . . . . Total Robot Build Rating . | . . . . Part Schematics Acquired 1 | . . 1 . Parts Built . | . . . . Authchips . | . . . . Time . | . . . . Total Part Build Rating . | . . . . Parts Repaired . | . . . . Time . | . . . . Parts Recycled 4 | . . 4 . Recycled Matter . | . . . . Retrieved Matter . | . . . . Retrieved Components . | . . . . Parts Scanalyzed 1 | . . 1 . Part Schematics Acquired 1 | . . 1 . Parts Damaged . | . . . . Bothacking | -11 -10 -9 -8 ------------ Run | Yrd Mat Mat Mat Used RIF Installer . | . . . . Robots Hacked . | . . . . Non-combat . | . . . . Combat . | . . . . Robot Hacks Applied . | . . . . Relay Couplers Released . | . . . . Fabnet Peak Effective % . | . . . . Robots Rewired . | . . . . Allies Hacked . | . . . . Hacks Repelled . | . . . . Allies | -11 -10 -9 -8 -------- Run | Yrd Mat Mat Mat Total Allies . | . . . . Largest Group . | . . . . Highest-Rated Group . | . . . . Highest-Rated Ally . | . . . . Total Orders . | . . . . Ally Attacks . | . . . . Total Damage . | . . . . Kills . | . . . . Allies Corrupted . | . . . . Allies Melted . | . . . . Intel | -11 -10 -9 -8 ------- Run | Yrd Mat Mat Mat Robot Analysis Total . | . . . . Derelict Logs Recovered . | . . . . Drone Launches . | . . . . Drone Recoveries . | . . . . Exploration | -11 -10 -9 -8 ------------- Run | Yrd Mat Mat Mat Turns Passed 1612 | 110 572 779 151 Spaces Moved 783 | 83 290 354 56 Core 131 | 32 99 . . Treads 342 | . . 286 56 Legs 167 | . 99 68 . Wheels 123 | 51 72 . . Hover 20 | . 20 . . Flight . | . . . . Fastest Speed 50 | 50 50 120 160 Average Speed 157 | 106 145 168 228 Slowest Speed 800 | 200 800 240 240 Overloaded Moves . | . . . . Propulsion Burnouts . | . . . . Robots Hopped . | . . . . Cave-ins Triggered . | . . . . Exploration Rate (%) 21 | 4 37 37 9 Regions Visited 3 Branch Regions . Pre-discovered Areas . | . . . . Known Exits Taken . | . . . . Unknown Exits Taken 3 | 1 1 1 . Scrap Searched . | . . . . Spaces Dug . | . . . . Terrain Destroyed 45 | . 4 7 34 Melee . | . . . . Projectile . | . . . . AOE 45 | . 4 7 34 Terrain Rammed . | . . . . Walls Destroyed . | . . . . Machines Disabled . | . . . . Actions | -11 -10 -9 -8 --------- Run | Yrd Mat Mat Mat Total 1053 | 103 411 471 68 Wait 68 | 6 45 17 . Move 780 | 82 289 353 56 Hop . | . . . . Pick Up 43 | 8 13 20 2 Fast Attach . | . . . . Attach 36 | 6 14 12 4 Detach 14 | . 8 6 . Swap 16 | 1 2 13 . Drop 15 | . 10 4 1 Fire 80 | . 29 46 5 Melee . | . . . . Ram . | . . . . Kick 1 | . 1 . . Crush . | . . . . Escape Stasis . | . . . . Rewire . | . . . . Trap . | . . . . Miscellaneous . | . . . . Route ------- -11/Scrapyard -10/Materials -9/Materials (discovered 2 exits: [*Mat] / [*Min]) -8/Materials History --------- Turn | Location | Event 28 | -11/Scrapyard | Discovered new exit (range 14) 111 | -11/Scrapyard | Entered Materials 302 | -10/Materials | Build established: Mutant 607 | -10/Materials | Core integrity fell below 50% 645 | -10/Materials | Discovered new exit (range 9) 683 | -10/Materials | Entered another Materials area 683 | -9/Materials | Evolved 2 slots: Propulsion x2 698 | -9/Materials | Discovered new exit (range 13) 1220 | -9/Materials | Build established: Scavenger-Mutant 1429 | -9/Materials | Discovered new exit (range 4) 1462 | -9/Materials | Entered another Materials area 1462 | -8/Materials | Evolved 2 slots: Utility x1, Weapon x1 1613 | -8/Materials | Self-destructed Last Messages --------------- Destroyed Flight Unit. Lgt. Treads destroyed. S-10 Pest destroyed. Terminal disabled. Acquired Sml. Matter Pod. Dropped Heat Sink. R-06 Scavenger collects Heat Sink. R-06 Scavenger collects Med. Matter Pod. R-06 Scavenger collects Lgt. Ion Engine. Y-45 Defender destroyed. The unstable cave ceiling collapses. R-06 Scavenger collects Lgt. Treads. Repair Station disabled. Backup Laser I tumbles out of repair station. Backup Plating I tumbles out of repair station. Backup Laser I tumbles out of repair station. Backup Propulsion I tumbles out of repair station. Backup Power I tumbles out of repair station. Map ----- +----------------------------------------------------+ | | | | | | | | | | | | | | | | | | | | | | | | | | | | | | | | | | | | | | | | | ???????????????####?????????????????????????? | | ??????????????## #########????????????????? | | ????????????### ##???????????????? | | ????????????# % [ ! #?##????????????? | | ????????????## ###########?????? | | ????????????# [ ] @ #?????? | | ????????????# !*[ #?????? | | ????????????## ] * =[ / ##??????? | | ?????????????## " [ [= #???????? | | ??????????????## ## ] [% #???????? | | ??????????######## [ #???????? | | ??????????# ## #???????? | | #+######### ## #???????? | | + = ## #???????? | | ######## ## +???????? | | #??????# ##r w!! #???????? | | #??????# ## !!! ###########???????? | | #??????# ## !! #?????????????????? | | #??????# + #?????????????????? | | +??????# # +?????????????????? | | #??????# # #?????????????????? | | #??????# # ########?????????????????? | | #??????# # #????????????????????????? | | ####??????####### #????????????????????????? | | ????????????????# #????????????????????????? | | ????????????????# ##????????????????????????? | | ????????????????# #?????????????????????????? | | ????????????????# ??????????????????????????? | | ????????????????# ??????????????????????????? | | ????????????????# ??????????????????????????? | +----------------------------------------------------+ Best States ------------- Heat Dissipation 41 Energy Generation 10 Energy Capacity 250 Matter Stores 300 Matter Capacity 350 Sight Range 18 Robot Scan Range 14 Terrain Scan Density 10 Armor Coverage 230 Resistance: KI 20 Evasion (%) 55 Recoil Reduction 4 Item Schematics ----------------- Lgt. Treads | -9/Materials | Scanalyzed Robot Schematics ------------------ None Fabricated ------------ Nothing Alien Tech Used ----------------- None Achievements -------------- Crack Shot One Hack Too Far Uninvited Guest Challenges ------------ None Game ------ Seed MatterRingLink Manual? 0 Play Time 00:47:03 Cumulative 1.0 hours Start 2024.09.21 @ 05:08:06 End 2024.09.21 @ 05:54:20 Sessions 1 Manual Loads 0 Difficulty Rogue Special Mode None Game No. 2 Rogue 2 Adventurer 0 Explorer 0 Win Type - Total 0 Types 0/0/0/0/0/0/0/0/0 Lore% 0 Gallery% 2 Achievement% 2 Wizard Run 0 Options --------- Layout 1 ASCII 1 Keyboard 0 Movement Mouse Keybinds 0 Fullscreen 1 Font 24/Smallcaps Map View 50x35 Zoom Use 12% Tactical HUD 0 Map Filters NONE Filters NONE Steam 1 RUN: cffbc2c0-4285-4c80-974c-4be76641cd6d